| TOP OF THE 1ST |
|
Rice University Owls batting - Pitching for Stanford University Cardinal : RHP Cesar Jimenez
|
|
Pitching: RHP Cesar Jimenez
|
|
|
Batting: RHB Tony Casas
|
0-0: Ball 1-0: Ball 2-0: Fly out, F9 (Flyball, 9, EV 82.5 MPH)
|
|
Batting: RHB Steve Goodall
|
0-0: Called Strike 0-1: Ball 1-1: Called Strike 1-2: Strikes out looking
|
|
Batting: RHB Dave Crouch
|
0-0: Ball 1-0: Swinging Strike 1-1: Foul Ball, location: 2F 1-2: Ball 2-2: Fly out, F7 (Flyball, 7LM, EV 93.8 MPH)
|
| Top of the 1st over - 0 runs, 0 hits, 0 errors, 0 left on base; Rice University 0 - Stanford University 0 |
| BOTTOM OF THE 1ST |
|
Stanford University Cardinal batting - Pitching for Rice University Owls : LHP Elias Pena
|
|
Pitching: LHP Elias Pena
|
|
|
Batting: SHB Robert Santiago
|
0-0: Ball 1-0: Foul Ball, location: 2F 1-1: Ball 2-1: Ball 3-1: Base on Balls
|
|
Batting: RHB Adrian Cox
|
0-0: Ball 1-0: Foul Ball, location: 2F 1-1: Fly out, F5 (Flyball, 5D, EV 90.0 MPH)
|
|
Batting: SHB Jason Larson
|
0-0: Ball 1-0: Fly out, F8 (Line Drive, 8RD, EV 86.2 MPH)
|
|
Batting: RHB Mike Bell
|
0-0: Fly out, F9 (Line Drive, 9D, EV 88.8 MPH)
|
| Bottom of the 1st over - 0 runs, 0 hits, 0 errors, 1 left on base; Rice University 0 - Stanford University 0 |
| TOP OF THE 2ND |
|
Rice University Owls batting - Pitching for Stanford University Cardinal : RHP Cesar Jimenez
|
|
Batting: RHB Troy Trice
|
0-0: Ball 1-0: DOUBLE (Flyball, 78D, EV 96.2 MPH)
|
|
Batting: RHB Josh Faulconer
|
0-0: Ball 1-0: Ball 2-0: Ball 3-0: Called Strike 3-1: Foul Ball, location: 2F 3-2: Ground out 5-3 (Groundball, 5S, EV 68.8 MPH) Troy Trice to third
|
|
Batting: RHB Roberto Aispuro
|
0-0: Called Strike 0-1: Swinging Strike 0-2: Ball 1-2: Foul Ball, location: 2F 1-2: Ball 2-2: Fly out, F3 (Popup, 3F, EV 71.2 MPH)
|
|
Batting: LHB Mason Duffy
|
0-0: Called Strike 0-1: Ground out 4-3 (Groundball, 4D, EV 106.9 MPH)
|
| Top of the 2nd over - 0 runs, 1 hit, 0 errors, 1 left on base; Rice University 0 - Stanford University 0 |
| BOTTOM OF THE 2ND |
|
Stanford University Cardinal batting - Pitching for Rice University Owls : LHP Elias Pena
|
|
Batting: RHB Joe Sandoval
|
0-0: Called Strike 0-1: Swinging Strike 0-2: Strikes out swinging
|
|
Batting: RHB Kevin Larner
|
0-0: Called Strike 0-1: Ball 1-1: Called Strike 1-2: Ground out 5-3 (Groundball, 56, EV 85.0 MPH)
|
|
Batting: LHB Andy Buschlen
|
0-0: Called Strike 0-1: Called Strike 0-2: Ground out 1-3 (Groundball, 15S, EV 70.0 MPH)
|
| Bottom of the 2nd over - 0 runs, 0 hits, 0 errors, 0 left on base; Rice University 0 - Stanford University 0 |
| TOP OF THE 3RD |
|
Rice University Owls batting - Pitching for Stanford University Cardinal : RHP Cesar Jimenez
|
|
Batting: RHB Toshikatsu Omori
|
0-0: Called Strike 0-1: Called Strike 0-2: Ball 1-2: Foul Ball, location: 2F 1-2: Foul Ball, location: 2F 1-2: Strikes out looking
|
|
Batting: LHB Dominique Lecoq
|
0-0: Ground out 6-3 (Groundball, 6, EV 107.5 MPH)
|
|
Batting: RHB Tony Casas
|
0-0: Ball 1-0: Ball 2-0: Called Strike 2-1: Fly out, F5 (Line Drive, 5, EV 76.2 MPH)
|
| Top of the 3rd over - 0 runs, 0 hits, 0 errors, 0 left on base; Rice University 0 - Stanford University 0 |
| BOTTOM OF THE 3RD |
|
Stanford University Cardinal batting - Pitching for Rice University Owls : LHP Elias Pena
|
|
Batting: RHB Ian Hornsby
|
0-0: Ball 1-0: Ball 2-0: Called Strike 2-1: DOUBLE (Line Drive, 78M, EV 105.0 MPH)
|
|
Batting: SHB Justin Corbett
|
0-0: Ball 1-0: Called Strike 1-1: Ground out 5-3 (Groundball, 56S, EV 90.6 MPH)
|
|
Batting: SHB Robert Santiago
|
0-0: 2-RUN HOME RUN (Flyball, 78XD, EV 108.1 MPH), Distance : 437 ft
|
|
Batting: RHB Adrian Cox
|
0-0: Called Strike 0-1: Ball 1-1: Swinging Strike 1-2: SOLO HOME RUN (Flyball, 7LD, EV 95.6 MPH), Distance : 367 ft
|
|
Batting: SHB Jason Larson
|
0-0: Swinging Strike 0-1: Ball 1-1: Ball 2-1: Ball 3-1: Base on Balls
|
|
Batting: RHB Mike Bell
|
0-0: Ball 1-0: Grounds into double play, 6-4-3 (Groundball, 6, EV 99.4 MPH)
|
| Bottom of the 3rd over - 3 runs, 3 hits, 0 errors, 0 left on base; Rice University 0 - Stanford University 3 |
| TOP OF THE 4TH |
|
Rice University Owls batting - Pitching for Stanford University Cardinal : RHP Cesar Jimenez
|
|
Batting: RHB Steve Goodall
|
0-0: Called Strike 0-1: Swinging Strike 0-2: Ball 1-2: Ball 2-2: Strikes out swinging
|
|
Batting: RHB Dave Crouch
|
0-0: Fly out, F7 (Line Drive, 7, EV 88.8 MPH)
|
|
Batting: RHB Troy Trice
|
0-0: Ball 1-0: Ball 2-0: Called Strike 2-1: Foul Ball, location: 2F 2-2: Fly out, F9 (Flyball, 9LD, EV 103.1 MPH)
|
| Top of the 4th over - 0 runs, 0 hits, 0 errors, 0 left on base; Rice University 0 - Stanford University 3 |
| BOTTOM OF THE 4TH |
|
Stanford University Cardinal batting - Pitching for Rice University Owls : LHP Elias Pena
|
|
Batting: RHB Joe Sandoval
|
0-0: Ground out 4-3 (Groundball, 4MS, EV 84.4 MPH)
|
|
Batting: RHB Kevin Larner
|
0-0: Ground out 6-3 (Groundball, 6, EV 84.4 MPH)
|
|
Batting: LHB Andy Buschlen
|
0-0: Ball 1-0: Called Strike 1-1: Swinging Strike 1-2: SOLO HOME RUN (Flyball, 9LD, EV 92.5 MPH), Distance : 337 ft
|
|
Batting: RHB Ian Hornsby
|
0-0: Ball 1-0: Foul Ball, location: 2F 1-1: Ball 2-1: Foul Ball, location: 2F 2-2: Foul Ball, location: 2F 2-2: Foul Ball, location: 2F 2-2: Foul Ball, location: 2F 2-2: Ball 3-2: Foul Ball, location: 2F 3-2: Base on Balls
|
|
Batting: SHB Justin Corbett
|
0-0: Ground out 5-3 (Groundball, 56S, EV 70.0 MPH)
|
| Bottom of the 4th over - 1 run, 1 hit, 0 errors, 1 left on base; Rice University 0 - Stanford University 4 |
| TOP OF THE 5TH |
|
Rice University Owls batting - Pitching for Stanford University Cardinal : RHP Cesar Jimenez
|
|
Pitching: RHP Eddie Laura
|
|
|
Batting: RHB Josh Faulconer
|
0-0: Called Strike 0-1: Swinging Strike 0-2: Foul Ball, location: 2F 0-2: Ball 1-2: Strikes out swinging
|
|
Batting: RHB Roberto Aispuro
|
0-0: Ground out 1-3 (Groundball, 15S, EV 66.9 MPH)
|
|
Batting: LHB Mason Duffy
|
0-0: Swinging Strike 0-1: Ball 1-1: Called Strike 1-2: Ground out 3-1 (Groundball, 34, EV 108.8 MPH)
|
| Top of the 5th over - 0 runs, 0 hits, 0 errors, 0 left on base; Rice University 0 - Stanford University 4 |
| BOTTOM OF THE 5TH |
|
Stanford University Cardinal batting - Pitching for Rice University Owls : LHP Elias Pena
|
|
Pitching: RHP Scotty Merkley
|
|
|
Batting: SHB Robert Santiago
|
0-0: Called Strike 0-1: Foul Ball, location: 2F 0-2: Strikes out looking
|
|
Batting: RHB Adrian Cox
|
0-0: Called Strike 0-1: Ball 1-1: Ball 2-1: Foul Ball, location: 2F 2-2: Foul Ball, location: 2F 2-2: Ground out 4-3 (Groundball, 4S, EV 69.4 MPH)
|
|
Batting: SHB Jason Larson
|
0-0: Ball 1-0: Ball 2-0: Called Strike 2-1: Ball 3-1: Ground out 5-3 (Groundball, 5S, EV 88.8 MPH)
|
| Bottom of the 5th over - 0 runs, 0 hits, 0 errors, 0 left on base; Rice University 0 - Stanford University 4 |
| TOP OF THE 6TH |
|
Rice University Owls batting - Pitching for Stanford University Cardinal : RHP Eddie Laura
|
|
Batting: RHB Toshikatsu Omori
|
0-0: Ball 1-0: Called Strike 1-1: Foul Ball, location: 2F 1-2: Ball 2-2: Foul Ball, location: 2F 2-2: Ground out 6-3 (Groundball, 6MD, EV 102.5 MPH)
|
|
Batting: LHB Dominique Lecoq
|
0-0: Called Strike 0-1: Foul Ball, location: 2F 0-2: Ball 1-2: Foul Ball, location: 2F 1-2: Strikes out swinging
|
|
Batting: RHB Tony Casas
|
0-0: Fly out, F8 (Flyball, 8LD, EV 86.9 MPH)
|
| Top of the 6th over - 0 runs, 0 hits, 0 errors, 0 left on base; Rice University 0 - Stanford University 4 |
| BOTTOM OF THE 6TH |
|
Stanford University Cardinal batting - Pitching for Rice University Owls : RHP Scotty Merkley
|
|
Batting: RHB Mike Bell
|
0-0: Ball 1-0: Ball 2-0: Ball 3-0: Base on Balls
|
|
Batting: RHB Joe Sandoval
|
0-0: Called Strike Mike Bell steals 2nd, throwing error, E2 Mike Bell to third 0-1: Called Strike 0-2: Ball 1-2: Foul Ball, location: 2F 1-2: Ball 2-2: SINGLE (Groundball, 6, EV 94.4 MPH) Mike Bell scores
|
|
Batting: RHB Kevin Larner
|
0-0: Foul Ball, location: 2F 0-1: Fielders Choice at 2nd, 6-4 (Groundball, 56, EV 93.8 MPH)
|
|
Batting: LHB Andy Buschlen
|
0-0: Ball 1-0: Ball 2-0: Ball 3-0: Base on Balls Kevin Larner to second
|
|
Batting: RHB Ian Hornsby
|
0-0: Ball 1-0: Ball 2-0: Ball 3-0: Base on Balls Kevin Larner to third Andy Buschlen to second
|
|
Pitching: RHP Montenegro Rivas
|
|
|
Batting: SHB Justin Corbett
|
0-0: Called Strike 0-1: Swinging Strike 0-2: Strikes out looking
|
|
Pinch Hitting: LHB Justin O'Neal
|
0-0: Foul Ball, location: 2F 0-1: Ball 1-1: Called Strike 1-2: Foul Ball, location: 2F 1-2: Strikes out looking
|
| Bottom of the 6th over - 1 run, 1 hit, 1 error, 3 left on base; Rice University 0 - Stanford University 5 |
| TOP OF THE 7TH |
|
Rice University Owls batting - Pitching for Stanford University Cardinal : RHP Eddie Laura
|
|
Now at 3B: Victor Robledo
|
|
|
Batting: RHB Steve Goodall
|
0-0: Called Strike 0-1: Ball 1-1: Foul Ball, location: 2F 1-2: Strikes out swinging
|
|
Batting: RHB Dave Crouch
|
0-0: Ball 1-0: Ball 2-0: Called Strike 2-1: SINGLE (Line Drive, 6M, EV 103.8 MPH)
|
|
Batting: RHB Troy Trice
|
0-0: Ball 1-0: Swinging Strike 1-1: SINGLE (Groundball, 4M, EV 98.1 MPH) Dave Crouch to second
|
|
Pitching: RHP Ramiz JambakurIan
|
|
|
Batting: RHB Josh Faulconer
|
0-0: Foul Ball, location: 2F 0-1: Ball 1-1: Fly out, F9 (Flyball, 89M, EV 84.4 MPH)
|
|
Batting: RHB Roberto Aispuro
|
0-0: Called Strike 0-1: Swinging Strike 0-2: Foul Ball, location: 2F 0-2: Ball 1-2: Ball 2-2: Ball 3-2: Strikes out swinging
|
| Top of the 7th over - 0 runs, 2 hits, 0 errors, 2 left on base; Rice University 0 - Stanford University 5 |
| BOTTOM OF THE 7TH |
|
Stanford University Cardinal batting - Pitching for Rice University Owls : RHP Montenegro Rivas
|
|
Batting: RHB Adrian Cox
|
0-0: Ball 1-0: SINGLE (Flyball, 78S, EV 98.8 MPH)
|
|
Batting: SHB Jason Larson
|
0-0: Foul Ball, location: 2F 0-1: Ball 1-1: Foul Ball, location: 2F 1-2: Fielders Choice at 2nd, 1-6 (Groundball, 13S, EV 65.6 MPH)
|
|
Pinch Hitting: SHB Sun-wei Ng
|
0-0: Ball 1-0: Foul Ball, location: 2F 1-1: Foul Ball, location: 2F 1-2: Fly out, F8 (Flyball, 89D, EV 101.9 MPH)
|
|
Batting: RHB Joe Sandoval
|
0-0: Ball Jason Larson is caught stealing 2nd base 2-4
|
| Bottom of the 7th over - 0 runs, 1 hit, 0 errors, 0 left on base; Rice University 0 - Stanford University 5 |
| TOP OF THE 8TH |
|
Rice University Owls batting - Pitching for Stanford University Cardinal : RHP Ramiz JambakurIan
|
|
Now in LF: Roy Battist
|
|
|
Batting: LHB Mason Duffy
|
0-0: Swinging Strike 0-1: Ground out 4-3 (Groundball, 4, EV 87.5 MPH)
|
|
Pinch Hitting: SHB Justin Towry
|
0-0: Fly out, F8 (Flyball, 89XD, EV 90.0 MPH)
|
|
Batting: LHB Dominique Lecoq
|
0-0: Ball 1-0: Foul Ball, location: 2F 1-1: Ball 2-1: Called Strike 2-2: Ground out U3 (Groundball, 34S, EV 87.5 MPH)
|
| Top of the 8th over - 0 runs, 0 hits, 0 errors, 0 left on base; Rice University 0 - Stanford University 5 |
| BOTTOM OF THE 8TH |
|
Stanford University Cardinal batting - Pitching for Rice University Owls : RHP Montenegro Rivas
|
|
Now at 1B: Logan Johnson
|
|
|
Batting: RHB Joe Sandoval
|
0-0: Foul Ball, location: 2F 0-1: Fly out, F7 (Line Drive, 7D, EV 105.0 MPH)
|
|
Batting: RHB Vince Krogmeier
|
0-0: Ground out 6-3 (Groundball, 6, EV 89.4 MPH)
|
|
Batting: LHB Andy Buschlen
|
0-0: Called Strike 0-1: Ball 1-1: Foul Ball, location: 2F 1-2: Foul Ball, location: 2F 1-2: Ball 2-2: Foul Ball, location: 2F 2-2: SINGLE (Line Drive, 3D, EV 96.2 MPH)
|
|
Batting: RHB Ian Hornsby
|
0-0: Ball Andy Buschlen steals 2nd base 1-0: Foul Ball, location: 2F 1-1: Foul Ball, location: 2F 1-2: SINGLE (Line Drive, 56, EV 106.2 MPH) Andy Buschlen to third Runner from 3rd tries for Home, SAFE, throw by LF to home
|
|
Batting: SHB Justin Corbett
|
0-0: Ball 1-0: Ball 2-0: Ball 3-0: Called Strike 3-1: Base on Balls Ian Hornsby to second
|
|
Batting: RHB Victor Robledo
|
0-0: Swinging Strike 0-1: Swinging Strike 0-2: Ball 1-2: Strikes out looking
|
| Bottom of the 8th over - 1 run, 2 hits, 0 errors, 2 left on base; Rice University 0 - Stanford University 6 |
| TOP OF THE 9TH |
|
Rice University Owls batting - Pitching for Stanford University Cardinal : RHP Ramiz JambakurIan
|
|
Pinch Hitting: RHB Jonas Fernandez
|
0-0: Called Strike 0-1: Ball 1-1: Foul Ball, location: 2F 1-2: Ground out 1-3 (Groundball, 13S, EV 71.9 MPH)
|
|
Pitching: RHP Jesse Clark
|
|
|
Pinch Hitting: RHB Tony Beaumond
|
0-0: Ball 1-0: Called Strike 1-1: Foul Ball, location: 2F 1-2: DOUBLE (Flyball, 7LD, EV 107.5 MPH)
|
|
Batting: RHB Dave Crouch
|
0-0: Called Strike 0-1: Ball 1-1: Ball 2-1: 2-RUN HOME RUN (Flyball, 78XD, EV 110.0 MPH), Distance : 448 ft
|
|
Batting: RHB Akichika Yamano
|
0-0: Fly out, F3 (Popup, 34, EV 65.6 MPH)
|
|
Batting: RHB Josh Faulconer
|
0-0: Ball 1-0: Swinging Strike 1-1: Swinging Strike 1-2: Ball 2-2: Strikes out swinging
|
| Top of the 9th over - 2 runs, 2 hits, 0 errors, 0 left on base; Rice University 2 - Stanford University 6 |
|